 Dungeon Crawl Stone Soup version 0.28.0-43-g3370ac3207 (console) character file.

Game seed: 17550581022806778261

2 123 the Digger (level 1, -4/12 (13) HPs)
             Began as a Formicid Earth Elementalist on Mar 20, 2022.
             Slain by a quokka (5 damage)
             ... on level 1 of the Dungeon.
             The game lasted 00:02:41 (290 turns).

123 the Digger (Formicid Earth Elementalist)         Turns: 290, Time: 00:02:42

HP:   -4/12 (13)    AC:  2    Str: 12    XL:     1   Next: 33%
MP:   3/3           EV: 12    Int: 14    God:
Gold: 9             SH:  0    Dex: 11    Spells: 3/4 levels left

rFire   . . .      SeeInvis +   d - +0 whip {mace}
rCold   . . .      Faith    .   (no shield)
rNeg    . . .      Spirit   .   b - +0 robe
rPois   .          Reflect  .   (helmet unavailable)
rElec   .          Harm     .   (no cloak)
rCorr   .          Rampage  .   (no gloves)
Will    .....                   (no boots)
Stlth   ++........              (no amulet)
HPRegen 0.04/turn               (no ring)
MPRegen 0.08/turn               (no ring)

@: drained
A: permanent stasis, dig shafts and tunnels, antennae 3, four strong arms
a: Dig, Shaft Self


You were on level 1 of the Dungeon.
You visited 1 branch of the dungeon, and saw 1 of its levels.

You collected 9 gold pieces.


Innate Abilities, Weirdness & Mutations

You cannot be hasted, slowed, berserked, paralysed or teleported.
You can dig through walls and to a lower floor.
You have a pair of large antennae on your head. (SInv)
Your four strong arms can wield two-handed weapons with a shield.


   Skills:
 + Level 1.8 Dodging
 + Level 2.4 Stealth
 + Level 2.2 Spellcasting
 + Level 1.1 Transmutations
 + Level 3.6 Earth Magic


You had 3 spell levels left.
You knew the following spells:

 Your Spells              Type           Power      Damage    Failure   Level
a - Sandblast             Erth           22%        2d7       5%          1

Your spell library contained the following spells:

 Spells                   Type           Power      Damage    Failure   Level
 Passwall                 Tmut/Erth      6%         N/A       13%         2
 Stone Arrow              Conj/Erth      12%        3d7       32%         3
 Petrify                  Tmut/Erth      8%         N/A       65%         4

Inventory:

Hand Weapons
 d - a +0 whip (weapon) {mace}
   (You found it on level 1 of the Dungeon)
Missiles
 a - 2 poisoned darts {throwing}
 c - 30 stones {throwing}
Armour
 b - a +0 robe (worn)

Dungeon Overview and Level Annotations

Branches:
Dungeon (1/15)

Altars:

.. .# ##### #.....#
##............)
#..............
#..........).!. #####
#..............
...K######..............
###.....................
########.............. #
##....K@......S #
##...r.#.....# ..K....
####### .#### ######. #
.. ### {


You could see a quokka, a ball python (asleep) and a kobold.


Message History

You now have 12 max hp (-1).
You retract your mandibles.
d - a +0 whip {mace} 😎 HP[+4]
Your hp is fully restored (12).
There is a shaft here.
There is a shaft here.
You sense a monster nearby.
A rat comes into view.
A rat is nearby!
A rat is nearby!
A rat is nearby!
A kobold comes into view. It is wielding a +0 club.
The kobold shouts!
The kobold throws a stone.
The stone closely misses you.
The kobold throws a stone.
The stone hits you. 😕 HP[-2]
You take 2 damage, and now have 10/12 hp.
Really attack while wielding nothing? [Y]es or [N]o only, please.
Really attack while wielding nothing? [Y]es or [N]o only, please.
Really attack while wielding nothing? [Y]es or [N]o only, please.
Really attack while wielding nothing? [Y]es or [N]o only, please.
Really attack while wielding nothing? [Y]es or [N]o only, please.
Really attack while wielding nothing? [Y]es or [N]o only, please.
Really attack while wielding nothing?
Okay, then.
The rat misses you. The rat bites you. 😮 HP[-1]
You take 1 damage, and now have 9/12 hp.
The kobold throws a stone.
The stone barely misses you.
The kobold throws a stone.
The stone hits you. 😮 HP[-1]
You take 1 damage, and now have 8/12 hp. 😮 HP[+1] Really attack while wielding nothing? [Y]es or [N]o only, please.
Really attack while wielding nothing? [Y]es or [N]o only, please.
Really attack while wielding nothing? [Y]es or [N]o only, please.
Really attack while wielding nothing? [Y]es or [N]o only, please.
Really attack while wielding nothing?
You hit the rat. The rat bites you. 😮 HP[-2]
You take 2 damage, and now have 7/12 hp.
d - a +0 whip (weapon)
{mace} You barely miss the rat.
The rat closely misses you.
You barely miss the rat. The rat barely misses you.
The rat bites you but does no damage.
You closely miss the rat. The rat bites you but does no damage.
You hit the rat but do no damage. The rat bites you.
* * * LOW HITPOINT WARNING * * *
😨 HP[-3]
You take 3 damage, and now have 4/12 hp.
MASSIVE DAMAGE!! (PAUSE)
You barely miss the rat. The rat bites you.
* * * LOW HITPOINT WARNING * * *
😱 HP[-2]
You take 2 damage, and now have 2/12 hp.
You hit the rat but do no damage. The rat bites you but does no damage.
You closely miss the rat. The rat closely misses you.
You hit the rat.
You kill the rat!
The kobold throws a stone.
The stone hits you but does no damage.
The kobold throws a stone.
The stone barely misses you.
The kobold throws a stone.
The stone hits you but does no damage.
The kobold throws a stone.
The stone closely misses you.
The kobold throws a stone.
The stone hits you.
* * * LOW HITPOINT WARNING * * *
😱 HP[-1]
You take 1 damage, and now have 1/12 hp.
The kobold throws a stone.
The stone hits you but does no damage. 😱 HP[+1]
The kobold throws a stone.
The stone hits you but does no damage.
The kobold throws a stone.
The stone barely misses you.
The kobold throws a stone.
The stone barely misses you. 😱 HP[+1]
A quokka comes into view.
The quokka closely misses you. The quokka bites you.
* * * LOW HITPOINT WARNING * * *
😱 HP[-2]
You take 2 damage, and now have 1/12 hp.
You hit the quokka but do no damage. The quokka barely misses you.
You barely miss the quokka. The quokka misses you.
You closely miss the quokka. The quokka barely misses you. x2
You barely miss the quokka.
The quokka bites you but does no damage.
You hit the quokka. The quokka misses you.
You closely miss the quokka. The quokka barely misses you.
A ball python comes into view.
The quokka misses you. The quokka bites you.
You die...

Action                   || total
-------------------------++-------
Melee: Unarmed           ||    17
       Whip              ||    14
 Abil: Dig               ||     1
Armor: Robe              ||    13
Dodge: Dodged            ||    47

Levels and vault maps discovered:
D:1:      psy_arrival_spokes, layout_rooms,
          dreamdust_ecumenical_altar_angels_and_demons

Notes
Turn   | Place    | Note
-------+----------+-------------------------------------------
     0 | D:1      | 123 the Formicid Earth Elementalist began the quest for the
                  | Orb.
     0 | D:1      | Reached XP level 1. HP: 13/13 MP: 3/3
     0 | D:1      | magus.rc [v1.9.6]
   232 | D:1      | HP: 2/12 [rat (2)]
   248 | D:1      | HP: 1/12 [kobold/stone (1)]
   282 | D:1      | HP: 1/12 [quokka (2)]
   290 | D:1      | Slain by a quokka

Vanquished Creatures
  A bat (D:1)
  A rat (D:1)
2 creatures vanquished.

Table legend:
 A = Non-vault XP
 B = Vault XP
 C = Vault XP percentage of total XP
 D = Non-vault monster count
 E = Vault monster count
 F = Vault count percentage of total count
                 A         B        C        D         E       F
            +---------+---------+-------+---------+---------+-------
      Total |       3 |       0 |   0.0 |       2 |       0 |   0.0
            +---------+---------+-------+---------+---------+-------
        D:1 |       3 |       0 |   0.0 |       2 |       0 |   0.0
            +---------+---------+-------+---------+---------+-------

Illustrated notes

Table legend:
 A = Kills in this place as a percentage of kills in entire the game.
 B = Kills by you in this place as a percentage of kills by you in the entire game.
 C = Kills by friends in this place as a percentage of kills by friends in the entire game.
 D = Other kills in this place as a percentage of other kills in the entire game.
 E = Experience gained in this place as a percentage of experience gained in the entire game.
 F = Experience gained in this place divided by the number of levels of this place that you have seen.
                   A       B       C       D       E      F
               +-------+-------+-------+-------+-------+----------------------
         Total | 100.0 | 100.0 |   N/A |   N/A | 100.0 |   3.0
       Dungeon | 100.0 | 100.0 |   N/A |   N/A | 100.0 |   3.0
               +-------+-------+-------+-------+-------+----------------------

Table legend: (Time is in decaauts)
 A = Elapsed time spent in this place.
 B = Non-inter-level travel time spent in this place.
 C = Inter-level travel time spent in this place.
 D = Time resting spent in this place.
 E = Time spent auto-exploring this place.
 F = Levels seen in this place.
 G = Mean time per level.
                   A        B        C        D        E       F      G
               +--------+--------+--------+--------+--------+-----+--------+
         Total |    290 |    290 |      0 |      0 |    129 |   1 |  290.0 |
       Dungeon |    290 |    290 |      0 |      0 |    129 |   1 |  290.0 |
               +--------+--------+--------+--------+--------+-----+--------+

Top non-repeatable levels by time:
     D:1: 290 daAuts
